 Dungeon Crawl Stone Soup version 0.28-a0-1404-g4df0f3684d (webtiles) character file.

Game seed: 18357671436550294496

212 ryw the Shooter (level 5, -2/29 HPs)
             Began as a Deep Elf Arcane Marksman on Jan 6, 2022.
             Was an Initiate of Hepliaklqana.
             Slain by a scorpion (5 damage)
             ... on level 3 of the Dungeon.
             The game lasted 00:10:00 (4511 turns).

ryw the Shooter (Deep Elf Arcane Marksman)          Turns: 4511, Time: 00:10:00

Health: -2/29      AC:  4    Str:  7    XL:     5   Next: 58%
Magic:  9/9        EV: 13    Int: 20    God:    Hepliaklqana [......]
Gold:   150        SH:  0    Dex: 15    Spells: 6/7 levels left

rFire   . . .      SeeInvis .   a - +0 short sword
rCold   . . .      Faith    .   (no shield)
rNeg    . . .      Spirit   .   d - +0 robe
rPois   .          Reflect  .   g - +1 helmet
rElec   .          Harm     .   (no cloak)
rCorr   .          Rampage  .   (no gloves)
Will    .....                   (no boots)
Stlth   +.........              (no amulet)
HPRegen 0.09/turn               (no ring)
MPRegen 0.11/turn               (no ring)

@: lethally poisoned (-2 -> -10), weak-willed
A: no striking features
a: Renounce Religion


You were on level 3 of the Dungeon.
You worshipped Hepliaklqana.
Hepliaklqana was noncommittal.
You visited 1 branch of the dungeon, and saw 3 of its levels.

You collected 150 gold pieces.

Inventory:

Hand Weapons
 a - a +0 short sword (weapon)
 b - a +1 vorpal shortbow
Armour
 d - a +0 robe (worn)
 g - a +1 helmet (worn)
Jewellery
 e - a ring of positive energy
Potions
 f - a potion of might {unknown}
 i - a potion of curing
 j - a potion of cancellation {unknown}


   Skills:
 + Level 1.4 Fighting
 - Level 2.0 Short Blades
 * Level 6.4 Bows
 + Level 3.1 Dodging
 - Level 1.5 Spellcasting
 - Level 4.0 Hexes


You had 6 spell levels left.
You knew the following spells:

 Your Spells              Type           Power      Damage    Failure   Level
a - Slow                  Hex            68%        N/A       3%          1

Your spell library contained the following spells:

 Spells                   Type           Power      Damage    Failure   Level
 Inner Flame              Hex/Fire       9%         N/A       22%         3
 Portal Projectile        Hex/Tloc       18%        N/A       22%         3
 Corpse Rot               Necr/Air       2%         N/A       26%         2
 Poisonous Vapours        Pois/Air       2%         N/A       26%         2
 Cause Fear               Hex            8%         N/A       32%         4


Dungeon Overview and Level Annotations

Branches:
Dungeon (3/15)

Altars:
Hepliaklqana
Makhleb
The Shining One

Annotations:
D:3 Sigmund


Message History

You do not have any ammo quivered for your +1 vorpal shortbow.
You do not have any ammo quivered for your +1 vorpal shortbow.
a - a +0 short sword (weapon)
The scorpion closely misses you.
You hit the scorpion.
The scorpion is heavily wounded.
You feel sick.
The scorpion stings you but does no damage.
You barely miss the scorpion.
The scorpion is heavily wounded.
You feel sick. The scorpion stings you.
You are too injured to fight recklessly!
It was a potion of curing.
You feel better. The scorpion completely misses you.
You hit the scorpion.
The scorpion is heavily wounded.
The scorpion barely misses you. The scorpion closely misses you.
You hit the scorpion but do no damage.
The scorpion is heavily wounded.
The scorpion stings you!
You barely miss the scorpion.
The scorpion is heavily wounded.
The scorpion completely misses you.
You hit the scorpion.
The scorpion is heavily wounded.
The scorpion stings you.
You barely miss the scorpion.
The scorpion is heavily wounded.
The scorpion closely misses you.
You hit the scorpion but do no damage.
The scorpion is heavily wounded.
The scorpion stings you.
* * * LOW HITPOINT WARNING * * *
You are lethally poisoned!
The scorpion poisons you! The scorpion barely misses you.
Unknown command.
As you read the scroll labelled MEUTWY SITWU, it crumbles to dust.
Magic quickly surges around you.
It was a scroll of vulnerability.
* * * LOW HITPOINT WARNING * * *
You feel sick. The scorpion stings you.
You die...

# .# # #.# #.. ## .#
####.. ##.. .# .# ##[.#
..... #.. .# ##.## #.#..
.. .# #...## #)#..#.# .#
.....###...... .#####.
......#...##.####.......
..........##...†@.#
..........##.####s#
.............# ((.
#...###.##.### (.##
#.#####.##.# (.#
...........#### (.#
..#####............#
....# ###########..#
###.###### .#


You could see a scorpion (weak-willed).

Vanquished Creatures
  A hound (D:3)
  9 adders
  4 gnolls (D:1)
  A worm (D:2)
  4 dart slugs
  2 ball pythons
  7 endoplasms
  4 giant cockroaches (D:1)
  7 goblins
  4 hobgoblins
  A quokka (D:1)
  2 bats
  3 frilled lizards
  2 kobolds (D:1)
  8 rats
59 creatures vanquished.

Notes
Turn   | Place    | Note
-------+----------+-------------------------------------------
     0 | D:1      | ryw the Deep Elf Arcane Marksman began the quest for the
                  | Orb.
     0 | D:1      | Reached XP level 1. HP: 11/11 MP: 5/5
    65 | D:1      | Reached skill level 3 in Bows
   537 | D:1      | Reached XP level 2. HP: 16/16 MP: 6/6
   767 | D:1      | Reached skill level 4 in Bows
  1092 | D:1      | Reached skill level 1 in Short Blades
  1360 | D:1      | Reached XP level 3. HP: 18/20 MP: 7/7
  2125 | D:1      | Reached skill level 5 in Bows
  2309 | D:1      | Reached XP level 4. HP: 16/24 MP: 8/8
  3051 | D:2      | Reached skill level 1 in Fighting
  3321 | D:2      | Reached XP level 5. HP: 29/29 MP: 9/9
  3544 | D:3      | Reached skill level 6 in Bows
  3628 | D:3      | Found a hazy altar of Hepliaklqana.
  3628 | D:3      | Found a burning altar of Makhleb.
  3634 | D:3      | Became a worshipper of Hepliaklqana the Forgotten
  3992 | D:3      | Noticed Sigmund
  4307 | D:3      | Found a glowing golden altar of the Shining One.
  4511 | D:3      | Slain by a scorpion

Illustrated notes

Levels and vault maps discovered:
D:1:      psy_arrival_spokes, layout_loops_corners
D:2:      layout_basic
D:3:      layout_loops_ring, tso_metal_star,
          mainiacjoe_overflow_large_starburst, minitemple, uniq_sigmund

Skill      XL: |  1  2  3  4  5 |
---------------+----------------+-----
Bows           | 3 4 5 6 |  6.4
Short Blades   | 1 2 |  2.0
Fighting       | 1 |  1.4
Dodging        | 3 |  3.1
Spellcasting   | |  1.5
Hexes          | |  4.0

Action                   |  1- 3 |  4- 6 || total
-------------------------+-------+-------++-------
Melee: Short sword       |    62 |   101 ||   163
       Whip              |     4 |       ||     4
       Punch             |       |     1 ||     1
 Fire: Shortbow          |    73 |    58 ||   131
 Cast: Slow              |     8 |       ||     8
  Use: Scroll            |     5 |     2 ||     7
       Potion            |       |     1 ||     1
 Stab: Sleeping          |     2 |     1 ||     3
Armor: Robe              |    23 |    25 ||    48
Dodge: Dodged            |    64 |    79 ||   143

Table legend: (Time is in decaauts)
 A = Elapsed time spent in this place.
 B = Non-inter-level travel time spent in this place.
 C = Inter-level travel time spent in this place.
 D = Time resting spent in this place.
 E = Time spent auto-exploring this place.
 F = Levels seen in this place.
 G = Mean time per level.
                   A        B        C        D        E       F      G
               +--------+--------+--------+--------+--------+-----+--------+
         Total |   4516 |   4229 |    287 |    811 |   2425 |   3 | 1505.3 |
       Dungeon |   4516 |   4229 |    287 |    811 |   2425 |   3 | 1505.3 |
               +--------+--------+--------+--------+--------+-----+--------+

Top non-repeatable levels by time:
     D:1: 2389 daAuts
     D:2: 1068 daAuts
     D:3: 1059 daAuts
